 Dungeon Crawl Stone Soup version 0.30-a0-1074-g5db6f66fbb (webtiles) character file.

Game seed: 16366565940740669118

84 jimonade the Grasshopper (level 4, -6/42 (45) HPs)
             Began as an Ogre Warper on Apr 13, 2023.
             Splashed by a jelly's acid (10 damage)
             ... on level 5 of the Dungeon.
             The game lasted 00:05:54 (2160 turns).

jimonade the Grasshopper (Ogre Warper)              Turns: 2160, Time: 00:05:55

HP:   -6/42 (45)    AC: -1    Str: 17    XL:     4   Next: 46%
MP:   7/7           EV: 10    Int: 14    God:
Gold: 69            SH:  0    Dex:  8    Spells: 3/7 levels left

rFire   . . .      SeeInvis .    a - +1 flail (drain)
rCold   . . .      Faith    .    (no shield)
rNeg    . . .      Spirit   .    b - +0 robe
rPois   .          Reflect  .    (helmet restricted)
rElec   .          Rampage  .    (no cloak)
rCorr   .                        (gloves unavailable)
Will    .....                    (boots unavailable)
Stlth   +                        q - amulet of magic regeneration
HPRegen 0.27/turn                (no ring)
MPRegen 0.50/turn                (no ring)

@: corroded, drained
A: large, unfitting armour, tough skin 1
a: no special abilities


You were on level 5 of the Dungeon.
You visited 1 branch of the dungeon, and saw 4 of its levels.

You collected 69 gold pieces.

Inventory:

Hand Weapons
 a - a +1 flail of draining (weapon)
 f - a +0 spear
 s - a +0 whip
 v - a +0 mace
 w - a +2 short sword of protection
 y - a +0 flail
Missiles
 d - 2 boomerangs of dispersal (quivered)
 n - 8 poisoned darts
 r - 29 stones
Armour
 b - a +0 robe (worn)
Jewellery
 q - an amulet of magic regeneration (around neck)
Scrolls
 c - a scroll of blinking
 e - 2 scrolls of teleportation {unknown}
 g - 2 scrolls of noise {unknown}
 i - a scroll of immolation {unknown}
 j - 2 scrolls of torment {unknown}
 l - a scroll of fear {unknown}
 m - a scroll of magic mapping {unknown}
 o - a scroll of vulnerability {unknown}
 p - 2 scrolls of enchant weapon {unknown}
Potions
 h - 2 potions of mutation {unknown}
 k - 2 potions of heal wounds {unknown}
 t - 2 potions of brilliance {unknown}
 u - a potion of attraction {unknown}
 x - a potion of ambrosia {unknown}


   Skills:
 + Level 3.3 Fighting
 + Level 2.5 Maces & Flails
 + Level 1.0 Throwing
 + Level 2.6 Dodging
 + Level 2.4 Spellcasting
 * Level 0.5 Summonings
 * Level 3.4 Translocations


You had 3 spell levels left.
You knew the following spells:

 Your Spells              Type           Power      Damage    Failure   Level
a - Blink                 Tloc           22%        N/A       9%          2
b - Lesser Beckoning      Tloc           22%        N/A       9%          2

Your spell library contained the following spells:

 Spells                   Type           Power      Damage    Failure   Level
 Teleport Other           Tloc           11%        N/A       16%         3
 Portal Projectile        Hex/Tloc       12%        N/A       32%         3
 Vhi's Electric Charge    Tloc/Air       12%        N/A       32%         3
 Call Canine Familiar     Summ           3%         N/A       47%         3
 Manifold Assault         Tloc           11%        N/A       47%         4
 Leda's Liquefaction      Hex/Erth       0%         N/A       92%         4


Dungeon Overview and Level Annotations

Branches:
Dungeon (5/15)
 Temple: D:4-7

Altars:
Gozag
Makhleb
Nemelex Xobeh


Innate Abilities, Weirdness & Mutations

You are too large for most types of armour.
You have tough skin. (AC +1)


Message History

Aim: a jelly (88% to hit)
You throw a boomerang of dispersal.
The boomerang of dispersal hits the jelly and shatters for extra damage.
The jelly blinks!
The jelly is lightly wounded.
Throw: 3 boomerangs (disperse)
Press: ? - help, Q - select action, (/) - cycle Shift-Dir - straight line, f/p - jelly
Aim: a jelly (lightly wounded, 88% to hit)
You throw a boomerang of dispersal.
The boomerang of dispersal hits the gnoll sergeant and shatters, but does no damage.
The gnoll sergeant closely misses you.
The gnoll sergeant hits you with a +0 trident!
You hit the gnoll sergeant but do no damage.
You drain the gnoll sergeant.
The gnoll sergeant is lightly wounded.
The gnoll sergeant completely misses you.
You hit the gnoll sergeant but do no damage.
You drain the gnoll sergeant.
The gnoll sergeant is moderately wounded.
The gnoll sergeant hits you with a +0 trident.
* * * LOW HITPOINT WARNING * * *
You hit the gnoll sergeant.
The gnoll sergeant is heavily wounded.
The gnoll sergeant barely misses you.
You hit the gnoll sergeant. You drain the gnoll sergeant.
The gnoll sergeant is heavily wounded.
The jelly hits you but does no damage.
The gnoll sergeant hits you with a +0 trident.
* * * LOW HITPOINT WARNING * * *
The gnoll sergeant misses you. The jelly hits you but does no damage.
A gnoll comes into view. It is wielding a +0 flail.
The gnoll shouts!
You hit the jelly.
Your hands burn!
* * * LOW HITPOINT WARNING * * *
The jelly is lightly wounded.
You hear a shout!
The gnoll sergeant barely misses you. The jelly hits you.
* * * LOW HITPOINT WARNING * * *
The acid corrodes you!
You are splashed with acid!
You die...

##.###...##...##
°§.##...#..§§.#
○°..#...#.○°§.#
§..##.⌠.#.°...#
#.###...##...##
#####...#######
#####...#######
#..Jg....#
#..@#....#
#####g...#
#......#
#....### g....'#
... ##....## #.#
#....#### #.#
#.......# #.#
##......#


You could see a gnoll sergeant (very drained) and a jelly.

Vanquished Creatures
  2 adders (D:2)
  A gnoll (D:5)
  2 dart slugs
  6 endoplasms
  4 giant cockroaches
  3 goblins
  A hobgoblin (D:2)
  5 quokkas
  2 ball pythons
  9 bats
  5 frilled lizards (D:1)
  9 kobolds
  6 rats
55 creatures vanquished.

Notes
Turn   | Place    | Note
-------+----------+-------------------------------------------
     0 | D:1      | jimonade the Ogre Warper began the quest for the Orb.
     0 | D:1      | Reached XP level 1. HP: 22/22 MP: 3/3
   101 | D:1      | Reached XP level 2. HP: 25/29 MP: 5/5
   519 | D:1      | Reached XP level 3. HP: 33/36 MP: 6/6
   896 | D:1      | Learned a level 2 spell: Blink
   899 | D:1      | Learned a level 2 spell: Lesser Beckoning
  1555 | D:2      | Reached XP level 4. HP: 37/45 MP: 7/7
  1697 | D:2      | Found a faded altar of an unknown god.
  1870 | D:2      | Found an opulent altar of Gozag.
  1941 | D:3      | Found a burning altar of Makhleb.
  1975 | D:3      | You fall into a shaft and drop 2 floors!
  1975 | D:5      | Entered Level 5 of the Dungeon
  2138 | D:5      | Found a sparkling altar of Nemelex Xobeh.
  2147 | D:5      | Noticed a gnoll sergeant
  2160 | D:5      | Splashed by a jelly's acid

Illustrated notes

Levels and vault maps discovered:
D:1:      nicolae_arrival_washed_ashore, layout_loops_ring, minivault_19
D:2:      layout_rooms, basic_altar, chequers_ecumenical_altar_lobes,
          supply_closet_lemuel
D:3:      layout_rooms, led_xom_imps, nicolae_overflow_crystal_walls,
          mainiacjoe_overflow_paths, nicolae_dithmenos_the_darkroom,
          roderic_lattice_a, st_stairs_9
D:5:      layout_basic, okawaru_altar_gauntlet_db, nemelex_altar_shiori,
          grunt_ministairs_10

Skill      XL: |  1  2  3 |
---------------+----------+-----
Translocations | 3 |  3.4
Maces & Flails | 2 |  2.5
Fighting       | 3 |  3.3
Throwing       | |  1.0
Dodging        | |  2.6
Spellcasting   | |  2.4
Summonings     | |  0.5

Action                     |  1- 3 |  4- 6 || total
---------------------------+-------+-------++-------
  Melee: Mace              |   149 |       ||   149
         Punch             |     1 |       ||     1
         Flail             |     6 |    40 ||    46
  Throw: Boomerang         |     1 |     4 ||     5
         Dart              |       |     5 ||     5
   Cast: Lesser Beckoning  |     1 |       ||     1
 Armour: Robe              |    65 |     9 ||    74
  Dodge: Dodged            |   100 |    25 ||   125

Table legend: (Time is in decaauts)
 A = Elapsed time spent in this place.
 B = Non-inter-level travel time spent in this place.
 C = Inter-level travel time spent in this place.
 D = Time resting spent in this place.
 E = Time spent auto-exploring this place.
 F = Levels seen in this place.
 G = Mean time per level.
                   A        B        C        D        E       F      G
               +--------+--------+--------+--------+--------+-----+--------+
         Total |   2217 |   2143 |     74 |    413 |    961 |   4 |  554.2 |
       Dungeon |   2217 |   2143 |     74 |    413 |    961 |   4 |  554.2 |
               +--------+--------+--------+--------+--------+-----+--------+

Top non-repeatable levels by time:
     D:2: 1001 daAuts
     D:1: 962 daAuts
     D:5: 186 daAuts
     D:3: 66 daAuts
